 Dungeon Crawl Stone Soup version 0.21-a0-2-ge494091 (webtiles) character file.

63 JeffiDaFish the Ruffian (level 3, -7/36 HPs)
             Began as a Troll Monk on May 22, 2017.
             Mangled by a centaur (10 damage)
             ... on level 3 of the Dungeon.
             The game lasted 00:02:41 (1610 turns).

JeffiDaFish the Ruffian (Troll Monk)                Turns: 1610, Time: 00:02:41

Health: -7/36      AC:  5    Str: 17 (19) XL:     3   Next: 87%
Magic:  2/2        EV: 10    Int:  4 (6)  God:
Gold:   154        SH:  0    Dex: 11 (13) Spells: 2/2 levels left

rFire    + . .     SeeInvis .     - Unarmed
rCold    . . .     Gourm    +   (no shield)
rNeg     . . .     Faith    .   a - +0 robe
rPois    .         Spirit   .   (helmet restricted)
rElec    .         Reflect  .   (no cloak)
rCorr    .         Harm     .   (gloves unavailable)
MR       .....                  (boots unavailable)
Stlth    +.........             (no amulet)
Regen    0.6/turn               f - ring of protection from fire
MPRegen  0.1/turn               (no ring)

@: no status effects
A: unfitting armour, claws 3, fast metabolism 3, gourmand, regeneration 1,
shaggy fur 1, tough skin 2
a: no special abilities


You were on level 3 of the Dungeon.
You were completely stuffed.

You visited 1 branch of the dungeon, and saw 3 of its levels.

You collected 154 gold pieces.

Inventory:

Armour
 a - a +0 robe (worn)
Jewellery
 f - a ring of protection from fire (left claw)
Scrolls
 h - 2 scrolls of remove curse
 i - 2 scrolls of teleportation
Potions
 e - a potion of curing
Comestibles
 b - 3 bread rations
 c - 2 royal jellies
 d - 2 meat rations
 g - 2 chunks of flesh


   Skills:
 + Level 2.9 Fighting
 * Level 3.1 Dodging
 - Level 1.0 Stealth
 + Level 3.6 Unarmed Combat


You had 2 spell levels left.
You didn't know any spells.

Dungeon Overview and Level Annotations

Branches:
Dungeon (3/15)

Altars:
Kikubaaqudgha
Makhleb


Innate Abilities, Weirdness & Mutations

You are too large for most types of armour.
You have claws for hands.
Your metabolism is lightning-fast.
You like to eat raw meat.
Your natural rate of healing is unusually fast.
You are covered in fur. (AC +1)
You have very tough skin. (AC +2)


Message History

You are too injured to fight recklessly!
You are too injured to fight recklessly!
You are too injured to fight recklessly!
You feel better. The centaur closely misses you.
The dart slug barely misses you. The centaur hits you.
You closely miss the centaur.
The centaur is lightly wounded.
The centaur hits you!
* * * LOW HITPOINT WARNING * * *
You scratch the centaur but do no damage.
The centaur is lightly wounded.
The centaur hits you but does no damage.
The dart slug launches a dart at you. The slug dart hits you!
* * * LOW HITPOINT WARNING * * *
You claw the centaur!
The centaur is heavily wounded.
The centaur hits you but does no damage.
The dart slug closely misses you. The centaur hits you!
You die...

### ##.########
#.........#
##.######.# #.#
#.# #.# #.#
##.######.#######
#?(......#......##
#@.######.###.....
......cw..# #.#
#.#.##
##.#.###...#
#.###.#.## ..
...%.# #.........
##
......###.......#
.............#.##
##...#####.#..###
#.## #.#..# #.#..#


You could see a centaur and a dart slug.

Vanquished Creatures
  2 adders (D:2)
  A worm (D:2)
  A dart slug (D:1)
  6 bats
  5 giant cockroaches
  4 goblins
  4 hobgoblins (D:1)
  2 jackals (D:1)
  A ball python (D:2)
  6 kobolds
  4 rats
36 creatures vanquished.

Notes
Turn   | Place    | Note
-------+----------+-------------------------------------------
     0 | D:1      | JeffiDaFish the Troll Monk began the quest for the Orb.
     0 | D:1      | Reached XP level 1. HP: 22/22 MP: 0/0
    88 | D:1      | Reached XP level 2. HP: 29/29 MP: 1/1
   742 | D:2      | Found a burning altar of Makhleb.
   799 | D:2      | Reached XP level 3. HP: 36/36 MP: 2/2
  1169 | D:2      | Found an ancient bone altar of Kikubaaqudgha.
  1604 | D:3      | Noticed a centaur
  1610 | D:3      | Mangled by a centaur

Vault maps used:
D:1:      minmay_arrival_three_doors
D:2:      old_standard_altar, lemuel_coloured_pillars_altar, first_bread
D:3:      uniq_jessica, uniq_sigmund

Skill      XL: |  1  2  3 |
---------------+----------+-----
Dodging        | 3 |  3.1
Fighting       | |  2.9
Stealth        | |  1.0
Unarmed Combat | |  3.6

Action                   || total
-------------------------++-------
Melee: Unarmed           ||    91
  Use: Potion            ||     5
       Scroll            ||     7
 Stab: Sleeping          ||     3
       Distracted        ||     2
  Eat: Chunk             ||    20
Armor: Robe              ||    32
Dodge: Dodged            ||    60
